 Dungeon Crawl Stone Soup version 0.21.0-37-g46506fa (webtiles) character file.

5 tidbits the Charmwright (level 1, 18/20 HPs)
             Began as a Gnoll Skald on Jan 30, 2018.
             Quit the game on level 2 of the Dungeon.
             The game lasted 00:00:47 (69 turns).

tidbits the Charmwright (Gnoll Skald)                 Turns: 69, Time: 00:00:48

Health: 18/20      AC:  3    Str: 13    XL:     1   Next: 80%
Magic:  2/6        EV: 14    Int: 15    God:
Gold:   22         SH:  0    Dex: 14    Spells: 8/9 levels left

rFire    . . .     SeeInvis .   g - -2 dagger (curse)
rCold    . . .     Gourm    .   (no shield)
rNeg     . . .     Faith    .   b - +0 leather armour
rPois    .         Spirit   .   (no helmet)
rElec    .         Reflect  .   (no cloak)
rCorr    .         Harm     .   (no gloves)
MR       .....                  (no boots)
Stlth    +.........             (no amulet)
HPRegen  0.06/turn              (no ring)
MPRegen  0.10/turn              (no ring)

@: about to teleport, infused (expiring)
A: distributed training, fangs 1, strong nose
a: no special abilities


You were on level 2 of the Dungeon.
You were not hungry.

You visited 1 branch of the dungeon, and saw 2 of its levels.

You collected 22 gold pieces.

Inventory:

Hand Weapons
 a - a +0 hand axe
 g - a cursed -2 dagger (weapon)
Missiles
 e - 9 stones (quivered)
Armour
 b - a +0 leather armour (worn)
Books
 c - a book of Battle

   Spells                             Type                      Level
   a - Infusion                       Charms                       1
   b - Shroud of Golubria             Charms/Translocation         2
   c - Song of Slaying                Charms                       2
   d - Spectral Weapon                Hexes/Charms                 3
   e - Regeneration                   Charms/Necromancy            3
Comestibles
 d - a ration


   Skills:
 + Level 4.4 Fighting
 + Level 0.1 Short Blades
 + Level 0.1 Long Blades
 + Level 4.4 Axes
 + Level 0.1 Maces & Flails
 + Level 0.1 Polearms
 + Level 0.1 Staves
 + Level 0.1 Slings
 + Level 0.1 Bows
 + Level 0.1 Crossbows
 + Level 0.1 Throwing
 + Level 2.4 Armour
 + Level 4.4 Dodging
 + Level 0.1 Stealth
 + Level 0.1 Shields
 + Level 0.1 Unarmed Combat
 + Level 4.9 Spellcasting
 + Level 0.1 Conjurations
 + Level 0.1 Hexes
 + Level 5.3 Charms
 + Level 0.1 Summonings
 + Level 0.1 Necromancy
 + Level 0.1 Translocations
 + Level 0.1 Transmutations
 + Level 0.1 Fire Magic
 + Level 0.1 Ice Magic
 + Level 0.1 Air Magic
 + Level 0.1 Earth Magic
 + Level 0.1 Poison Magic
 + Level 0.2 Invocations
 + Level 0.1 Evocations


You had 8 spell levels left.
You knew the following spells:

 Your Spells              Type           Power        Failure   Level  Hunger
i - Infusion              Chrm           ###.         2%          1    None


Dungeon Overview and Level Annotations

Branches:
Dungeon (2/15)

Altars:


Innate Abilities, Weirdness & Mutations

Your experience applies equally to all skills.
You have very sharp teeth.
Your uncanny sense of smell can sniff out nearby items.


Message History

Welcome, tidbits the Gnoll Skald.
It is said that the Orb of Zot exists deep within this dungeon.
Press ? for a list of commands and other information.
Found 9 stones.
Found a staircase leading out of the dungeon.
You see here 9 stones.
e - 9 stones A goblin comes into view.
Casting: Infusion
Confirm with . or Enter, or press ? or * to list all spells.
You miscast Infusion.
You are very lightly contaminated with residual magic.
Nothing appears to happen.
Casting: Infusion
Confirm with . or Enter, or press ? or * to list all spells.
You begin infusing your attacks with magical energy.
You hit the goblin.
You kill the goblin!
A frilled lizard and a rat come into view.
Found a scroll labeled ENIMOEDAHA.
The frilled lizard hisses angrily.
You hit the rat.
You kill the rat!
Found a leather armour.
You hit the frilled lizard!
You kill the frilled lizard!
You see here a frilled lizard corpse.
f - a scroll labeled ENIMOEDAHA Autopickup is now off.
Your magical contamination has completely faded away.
Your magical infusion is running out.
You are no longer magically infusing your attacks.
A hobgoblin comes into view. It is wielding a club.
Found 39 stones and a ration.
Casting: Infusion
Confirm with . or Enter, or press ? or * to list all spells.
You begin infusing your attacks with magical energy.
The hobgoblin shouts!
Found a stone staircase leading down.
A frilled lizard comes into view.
The frilled lizard unfolds its giant frill.
A rat comes into view.
You hit the hobgoblin!
You kill the hobgoblin!
You barely miss the rat. The rat bites you.
You slash the rat!
You kill the rat!
You miss the frilled lizard.
The frilled lizard hisses.
The frilled lizard barely misses you.
You hit the frilled lizard!
You kill the frilled lizard!
You see here a rat corpse.
There is a stone staircase leading down here.
You climb downwards.
Found 22 gold pieces and a glowing dagger.
There is a stone staircase leading up here.
Unknown command.
Found a dagger.
You see here 15 gold pieces.
You now have 15 gold pieces.
Found a stone staircase leading up.
You see here 7 gold pieces.
You now have 22 gold pieces (gained 7).
Your magical infusion is running out.
Found a runed scale mail and 5 gold pieces.
You see here a glowing dagger.
g - a glowing dagger Wield which item (- for none, * to show all)? (? for menu, Esc to quit)
It sticks to your hand!
g - a cursed -2 dagger (weapon)
As you read the scroll labeled ENIMOEDAHA, it crumbles to dust.
You feel strangely unstable.
It was a scroll of teleportation.
Are you sure you want to abandon this character and quit the game? (Confirm with "yes".)

.. .. .< # .# ###. #
#.#.#.##....
##.##.##..#.....
#.#........)....
#..#.##........
#.#.#.@.....[.
###.#####.....#.....#.
.......<..........#.#
###.#####...........#
#######.....$. #######


There were no monsters in sight!

Vanquished Creatures
  A goblin (D:1)
  A hobgoblin (D:1)
  2 frilled lizards (D:1)
  2 rats (D:1)
6 creatures vanquished.

Notes
Turn   | Place    | Note
-------+----------+-------------------------------------------
     0 | D:1      | tidbits the Gnoll Skald began the quest for the Orb.
     0 | D:1      | Reached XP level 1. HP: 20/20 MP: 6/6
    69 | D:2      | Quit the game

Action                   || total
-------------------------++-------
Melee: Hand axe          ||     7
 Cast: Infusion          ||     2
  Use: Scroll            ||     1
Dodge: Dodged            ||     1

Table legend:
 A = Turns spent in this place as a percentage of turns spent in the entire game.
 B = Non-inter-level travel turns spent in this place as a percentage of non-inter-level travel turns spent in the entire game.
 C = Inter-level travel turns spent in this place as a percentage of turns spent in this place.
 D = Turns resting spent in this place as a percentage of non-inter-level travel turns spent in this place.
 E = Turns spent auto-exploring this place as a percentage of non-inter-level travel turns spent in this place.
 F = Non-inter-level travel turns spent in this place divided by the number of levels of this place that you've seen.
                   A       B       C       D       E      F
               +-------+-------+-------+-------+-------+----------------------
         Total | 100.0 | 100.0 |   0.0 |   0.0 |   0.0 |  34.5
       Dungeon | 100.0 | 100.0 |   0.0 |   0.0 |   0.0 |  34.5
               +-------+-------+-------+-------+-------+----------------------

Table legend:
 A = Kills in this place as a percentage of kills in entire the game.
 B = Kills by you in this place as a percentage of kills by you in the entire game.
 C = Kills by friends in this place as a percentage of kills by friends in the entire game.
 D = Other kills in this place as a percentage of other kills in the entire game.
 E = Experience gained in this place as a percentage of experience gained in the entire game.
 F = Experience gained in this place divided by the number of levels of this place that you have seen.
                   A       B       C       D       E      F
               +-------+-------+-------+-------+-------+----------------------
         Total | 100.0 | 100.0 |   N/A |   N/A | 100.0 |   4.0
       Dungeon | 100.0 | 100.0 |   N/A |   N/A | 100.0 |   4.0
               +-------+-------+-------+-------+-------+----------------------

Vault maps used:
D:1:      dpeg_arrival_lava_temple_mockup
D:2:      minitemple, nicolae_overflow_hidden_temple, uniq_crazy_yiuf_cottage
